AoeStats
← Sujiner

Lombardia

510058971Analyzed
4v4 RM · 4d ago on Sep 29, 2026· 39m 52s· 8 players
Game mode
Random Map
Map size
Large (8 player)
Population
200
Speed
Normal
Resources
Standard
Victory
Conquest
Starting age
Dark Age
Ending age
Imperial Age
RankedLock teamsTeams togetherTeam positionsShared explorationLock speedFull tech treeHidden civsTurbo modeCheats
Victory
Defeat
🇨🇳 Varangians · China
1463
+7
🇨🇳 Varangians · China
1225
+15
🇨🇳 Huns · China
1119
+20
🇨🇳 Franks · China
1072
+52
🇭🇰 Saxons · Hong Kong SAR China
1222
-16
🇭🇰 Danes · Hong Kong SAR China
1222
-16
🇭🇰 Persians · Hong Kong SAR China
1208
-16
🇨🇭 Tatars · Switzerland
1188
-15
Why
10:48 Feudal Age
12:03 Double-Bit Axe
14:52 Castle Age
13:28 Horse Collar
16:53 Bow Saw
21:40 Wheelbarrow
23:37 Loom
24:12 Bow Saw
24:58 Hand Cart
24:56 Heavy Plow
25:01 Gold Mining
25:34 Scale Barding Armor
26:20 Forging
29:36 Imperial Age
27:42 Bloodlines
27:32 Husbandry
27:57 Chain Barding Armor
27:33 Town Watch
28:10 Marauders
29:20 Iron Casting
29:37 Elite Tarkan
30:53 Plate Barding Armor
31:19 Blast Furnace
33:36 Devotion
35:56 Caravan
36:52 Light Cavalry
39:48 Spies/Treason
愛言葉
8:35 Loom
11:08 Feudal Age
11:38 Feudal Age
12:04 Feudal Age
12:51 Double-Bit Axe
15:41 Castle Age
13:44 Horse Collar
16:35 Bow Saw
18:23 Wheelbarrow
21:24 Wheelbarrow
21:14 Heavy Plow
23:22 Gold Mining
28:24 Imperial Age
26:37 Hand Cart
26:20 Stone Mining
26:42 Scale Mail Armor
26:53 Town Watch
27:37 Chain Mail Armor
27:46 Squires
27:31 Gambesons
27:31 Arson
28:53 Forging
28:53 Elite Varangian Guard
29:52 Scale Barding Armor
30:19 Plate Mail Armor
30:31 Conscription
30:30 Gothikon
32:27 Iron Casting
34:12 Blast Furnace
33:31 Capped Ram
38:05 Siege Ram
NorthOrigin
9:10 Loom
11:00 Feudal Age
14:37 Castle Age
13:25 Horse Collar
14:36 Double-Bit Axe
16:12 Bow Saw
16:45 Loom
27:12 Wheelbarrow
30:13 Imperial Age
28:24 Gold Mining
28:36 Stone Mining
29:42 Bloodlines
29:32 Husbandry
29:15 Vendel Legacy
30:24 Scale Barding Armor
30:29 Forging
31:26 Conscription
30:36 Cavalier
33:03 Chain Barding Armor
33:18 Iron Casting
35:00 Plate Barding Armor
36:32 Blast Furnace
Sujiner
5:48 Loom
11:43 Feudal Age
14:44 Double-Bit Axe
17:53 Castle Age
17:17 Scale Barding Armor
21:42 Bow Saw
22:48 Gold Mining
23:41 Husbandry
23:56 Forging
27:16 Gold Shaft Mining
26:32 Stone Mining
29:16 Iron Casting
29:02 Chain Barding Armor
32:01 Wheelbarrow
34:29 Imperial Age
34:19 Caravan
35:56 Hand Cart
35:12 Cavalier
36:35 Plate Barding Armor
37:00 Blast Furnace
38:41 Blast Furnace
bbhin
10:27 Feudal Age
14:31 Castle Age
12:51 Double-Bit Axe
12:58 Horse Collar
15:24 Bow Saw
21:05 Wheelbarrow
22:19 Gold Mining
23:24 Hand Cart
27:35 Imperial Age
25:17 Scale Mail Armor
25:27 Forging
25:21 Treadmill Crane
26:18 Chain Mail Armor
26:57 Squires
26:42 Gambesons
26:43 Arson
26:53 Loom
28:00 Elite Varangian Guard
29:46 Plate Mail Armor
29:52 Iron Casting
30:00 Gold Shaft Mining
30:00 Conscription
29:19 Shield Wall
31:55 Fortified Wall
37:05 Fletching
MaGicPK
12:14 Feudal Age
14:06 Wheelbarrow
16:33 Castle Age
15:45 Double-Bit Axe
15:42 Horse Collar
17:39 Bow Saw
19:25 Loom
23:53 Gold Mining
25:00 Masonry
25:31 Fletching
25:49 Scale Barding Armor
25:54 Forging
26:35 Gold Shaft Mining
25:55 Stone Mining
28:39 Hand Cart
28:49 Chain Barding Armor
28:40 Forging
28:26 Bodkin Arrow
28:40 Town Watch
32:00 Imperial Age
30:00 Heavy Plow
30:31 Town Patrol
30:46 Bloodlines
31:44 Iron Casting
31:37 Husbandry
32:58 Plate Barding Armor
31:57 Cavalier
33:30 Citadels
33:46 Conscription
34:31 Two-Man Saw
34:32 Savar
Hung Kaho
11:22 Feudal Age
15:56 Castle Age
14:37 Double-Bit Axe
15:08 Horse Collar
17:04 Bow Saw
22:57 Heavy Plow
26:16 Wheelbarrow
25:55 Gold Mining
28:49 Gold Shaft Mining
31:15 Imperial Age
30:32 Fletching
30:43 Padded Archer Armor
30:54 Forging
30:44 Scale Mail Armor
30:50 Scale Barding Armor
30:41 Stone Mining
31:42 Thumb Ring
32:03 Heavy Mounted Crossbowman
32:04 Cranequins
33:13 Masonry
33:24 Ballistics
34:04 Chemistry
33:06 Onager
36:10 Siege Onager
henkeriks
6:52 Loom
9:35 Feudal Age
10:55 Wheelbarrow
14:30 Double-Bit Axe
14:28 Horse Collar
18:33 Castle Age
23:13 Fletching
24:07 Heavy Plow
25:50 Bow Saw
26:45 Gold Mining
26:46 Stone Mining
29:57 Fortified Wall
30:05 Hand Cart
29:41 Treadmill Crane
33:00 Imperial Age
30:44 Bodkin Arrow
30:50 Padded Archer Armor
31:13 Town Watch
31:55 Husbandry
32:05 Bloodlines
32:17 Ballistics
32:08 Masonry
32:25 Leather Archer Armor
33:56 Bracer
34:58 Chemistry
Connection lost

Rejoining the realm…

Still unreachable

The connection could not be restored.

Session expired

The server has moved on; the page needs a fresh start.